[Event "fics rated crazyhouse match"]
[Site "fics, Oklahoma City, OK USA"]
[Date "2000.11.28"]
[White "RFrancisco"]
[WhiteElo "2346"]
[Black "LINDEGREN"]
[BlackElo "2319"]
[TimeControl "60+0"]
[Result "0-1"]

1. e4 Nf6 2. Nc3 Nc6 3. d4 d5 4. exd5 Nxd5 5. Nf3 e6 6. Be2 
Bb4 7. Bd2 P@a3 8. Nxd5 Bxd2+ 9. Qxd2 axb2 10. Nxc7+ Qxc7 11. Rb1 B@c1 
12. Rxc1 P@c3 13. Qg5 N@e4 14. Qe3 bxc1=Q+ 15. Qxc1 Nxd4 16. Nxd4 P@d2# 
{RFrancisco resigns} 0-1

[Event "fics rated crazyhouse match"]
[Site "fics, Oklahoma City, OK USA"]
[Date "2000.11.28"]
[White "LINDEGREN"]
[WhiteElo "2328"]
[Black "RFrancisco"]
[BlackElo "2337"]
[TimeControl "60+0"]
[Result "1-0"]

1. e4 e5 2. Nc3 Nc6 3. Nf3 Bc5 4. Bc4 Nf6 5. O-O O-O 6. d3 
d6 7. h3 Nd4 8. Bg5 Nxf3+ 9. Qxf3 N@d4 10. Qg3 Nh5 11. Qh4 Qxg5 
12. Qxg5 B@g6 13. Nd5 h6 14. Qxh5 Bxh5 15. N@f6+ gxf6 16. Nxf6+ Kg7 17. Nxh5# 
{RFrancisco resigns} 1-0

[Event "fics rated crazyhouse match"]
[Site "fics, Oklahoma City, OK USA"]
[Date "2000.11.28"]
[White "RFrancisco"]
[WhiteElo "2329"]
[Black "LINDEGREN"]
[BlackElo "2336"]
[TimeControl "60+0"]
[Result "1-0"]

1. e4 Nf6 2. Nc3 Nc6 3. e5 d5 4. d4 Ne4 5. Nf3 e6 6. Bd2 
Nxd2 7. Qxd2 B@h6 8. Qxh6 gxh6 9. N@f6+ Qxf6 10. exf6 Rg8 11. B@b5 Bd7 
12. Bxc6 Bxc6 13. N@e5 B@b4 14. Nxc6 b6 15. B@d7+ Kxd7 16. Nfe5+ Kc8 17. Ba6# 
{LINDEGREN resigns} 1-0

[Event "fics rated crazyhouse match"]
[Site "fics, Oklahoma City, OK USA"]
[Date "2000.11.28"]
[White "LINDEGREN"]
[WhiteElo "2328"]
[Black "RFrancisco"]
[BlackElo "2337"]
[TimeControl "60+0"]
[Result "0-1"]

1. e4 e6 2. Nc3 Nc6 3. d4 Bb4 4. Nf3 Nf6 5. Bd3 d5 6. exd5 
exd5 7. Qe2+ Qe7 8. Qxe7+ Nxe7 9. Ne5 P@e4 10. Bb5+ c6 11. Be2 Ng6 
12. P@g5 Nh4 13. Rg1 Ng8 14. Bd2 Nf5 15. Nxe4 Bxd2+ 16. Nxd2 B@f4 17. P@e3 
Bxe5 18. dxe5 Q@e7 19. B@d6 Nxd6 20. exd6 Qxd6 21. B@f4 P@e5 22. N@c4 dxc4 
23. Nxc4 B@b4+ 24. P@c3 exf4 25. Nxd6+ Bxd6 26. Q@e4+ Be6 27. exf4 B@f5 28. Qe3 
N@d5 29. Qd2 N@e4 30. Qd1 Nxf2 31. Kxf2 P@e3+ 32. Kf1 Bxf4 33. N@c4 P@f2 
34. Rh1 Bxh2 35. Q@f3 N@g3+ 36. Qxg3 Bxg3 37. N@f3 Nc7 38. Bd3 Q@e1+ 39. Qxe1 
fxe1=Q+ 40. Nxe1 Nd5 41. Ke2 Q@f2+ 42. Kd1 Qxe1# 
{LINDEGREN forfeits on time} 0-1

[Event "fics rated crazyhouse match"]
[Site "fics, Oklahoma City, OK USA"]
[Date "2000.11.28"]
[White "RFrancisco"]
[WhiteElo "2345"]
[Black "LINDEGREN"]
[BlackElo "2320"]
[TimeControl "60+0"]
[Result "1-0"]

1. e4 d6 2. Nc3 e6 3. d4 Nc6 4. Nge2 Nf6 5. Ng3 Be7 6. Be3 
e5 7. d5 Nb4 8. Be2 O-O 9. a3 Na6 10. O-O Bd7 11. Bxa6 bxa6 
12. N@f5 Bxf5 13. Nxf5 B@d7 14. B@h4 Bxf5 15. exf5 N@g4 16. Bxf6 Nxf6 17. N@g5 
B@f4 18. Bxf4 exf4 19. B@e6 N@e5 20. Bxf7+ Rxf7 21. B@e6 B@h5 22. Qxh5 Nxh5 
23. Nxf7 Nxf7 24. Bxf7+ Kh8 25. Bxh5 B@e8 26. P@g6 N@g5 27. N@e6 Nxe6 28. dxe6 
N@f6 29. B@f7 Nxh5 30. R@g8# 
{LINDEGREN checkmated} 1-0

[Event "fics rated crazyhouse match"]
[Site "fics, Oklahoma City, OK USA"]
[Date "2000.11.28"]
[White "LINDEGREN"]
[WhiteElo "2313"]
[Black "RFrancisco"]
[BlackElo "2352"]
[TimeControl "60+0"]
[Result "0-1"]

1. e4 e6 2. Nc3 Nc6 3. d4 Bb4 4. Nf3 Nf6 5. Bd3 d5 6. exd5 
exd5 7. Qe2+ Qe7 8. P@e5 Ne4 9. Bxe4 dxe4 10. Qxe4 P@f5 11. Qe2 B@g4 
12. Be3 Bxf3 13. gxf3 f4 14. N@d5 fxe3 15. fxe3 Be6 16. Nxe7 Bxe7 17. B@a4 
N@f5 18. Bxc6+ bxc6 19. Q@b7 Rd8 20. Qxc6+ B@d7 21. Qxc7 B@b6 22. Qb7 Nxe3 
23. P@c7 Bxc7 24. Qxc7 P@g2 25. Rg1 N@h3 26. Rxg2 P@f2+ 27. Rxf2 Nxf2 28. Qxf2 
Nxc2+ 29. Qxc2 R@h1+ 30. B@f1 P@g2 31. Qxg2 Rxf1+ 32. Qxf1 Bh3 33. P@g2 Bhf5 
34. N@h5 Rg8 35. Nxg7+ Rxg7 36. R@h8+ B@g8 37. N@h5 N@c2+ 38. Kd2 Bg5+ 39. P@f4 
Bxf4+ 40. Nxf4 P@e3+ 41. Ke2 Bb5# 
{LINDEGREN forfeits on time} 0-1

[Event "fics rated crazyhouse match"]
[Site "fics, Oklahoma City, OK USA"]
[Date "2000.11.28"]
[White "RFrancisco"]
[WhiteElo "2359"]
[Black "LINDEGREN"]
[BlackElo "2306"]
[TimeControl "60+0"]
[Result "1-0"]

1. e4 e6 2. Nc3 Nf6 3. d4 Nc6 4. Nf3 d5 5. e5 Ne4 6. Bd3 
Bb4 7. Bd2 Bxc3 8. bxc3 Nxd2 9. Qxd2 B@e4 10. Bxe4 dxe4 11. Ng5 B@h6 
12. B@e3 N@h4 13. B@h3 Bxg5 14. Bxg5 N@f3+ 15. gxf3 Nxf3+ 16. Kd1 Nxg5 17. N@h5 
B@e3 18. Qxe3 Rg8 19. B@h4 P@h6 20. Bxg5 hxg5 21. N@f6+ gxf6 22. Nxf6+ Qxf6 
23. exf6 B@f4 24. N@g7+ Kd7 25. Nxe6 N@b2+ 26. Ke2 fxe6 27. Bxe6+ Kd6 28. Q@d5# 
{LINDEGREN checkmated} 1-0

[Event "fics rated crazyhouse match"]
[Site "fics, Oklahoma City, OK USA"]
[Date "2000.11.28"]
[White "LINDEGREN"]
[WhiteElo "2299"]
[Black "RFrancisco"]
[BlackElo "2366"]
[TimeControl "60+0"]
[Result "0-1"]

1. e4 e6 2. Nc3 Nc6 3. d4 Bb4 4. Nf3 Nf6 5. Bd3 d5 6. exd5 
exd5 7. Qe2+ Qe7 8. P@e5 Ne4 9. Bxe4 dxe4 10. Qxe4 B@f5 11. Qe3 P@g4 
12. N@h5 gxf3 13. Nxg7+ Kd8 14. Rg1 N@d5 15. Qd2 Bxc3 16. bxc3 N@e4 17. B@g5 
Nxd2 18. Bxe7+ Ncxe7 19. Q@d1 fxg2 20. Qxd2 Q@h1 21. N@f3 Qxg1+ 22. Nxg1 R@f1+ 
23. Ke2 Rxg1 24. P@d6 B@f1+ 25. Kf3 P@g4+ 26. Kg3 N@e4+ 27. Kh4 Ng6+ 28. Kh5 
Ndf6+ 29. exf6 Nxf6+ 30. Kh6 Ng8+ 31. Kh5 Nf6+ 32. Kh6 Ng8+ 33. Kh5 Nf4# 
{LINDEGREN forfeits on time} 0-1

[Event "fics rated crazyhouse match"]
[Site "fics, Oklahoma City, OK USA"]
[Date "2000.11.28"]
[White "RFrancisco"]
[WhiteElo "2372"]
[Black "LINDEGREN"]
[BlackElo "2293"]
[TimeControl "60+0"]
[Result "1-0"]

1. e4 e6 2. d4 Nf6 3. Nc3 Nc6 4. Nf3 d5 5. e5 Ne4 6. Bd3 
Bb4 7. Bd2 Bxc3 8. bxc3 Qe7 9. B@h4 f6 10. exf6 Nxf6 11. P@e5 P@e4 
12. exf6 gxf6 13. N@h5 P@g7 14. O-O exd3 15. cxd3 B@g4 16. Nxg7+ Qxg7 17. P@h6 
Qf7 18. P@g7 Rg8 19. h3 Bxf3 20. Qxf3 Bd7 21. Qxf6 Qxf6 22. Bxf6 N@e2+ 
23. Kh2 N@f7 24. B@h5 N@g6 25. Bxe2 Nce7 26. Bxe7 Kxe7 27. P@f6+ Kd8 28. N@c5 
B@d6+ 29. N@g3 Bxc5 30. dxc5 Q@e5 31. B@e7+ Nxe7 32. fxe7+ Kxe7 33. Q@f4 B@f6 
34. Qxe5 Bxe5 35. Q@h5 P@f6 36. Qxf7+ Kxf7 37. Bh5+ Ke7 38. N@h8 Kd8 39. N@f7# 
{LINDEGREN forfeits on time} 1-0

[Event "fics rated crazyhouse match"]
[Site "fics, Oklahoma City, OK USA"]
[Date "2000.11.28"]
[White "LINDEGREN"]
[WhiteElo "2287"]
[Black "RFrancisco"]
[BlackElo "2378"]
[TimeControl "60+0"]
[Result "0-1"]

1. e4 e6 2. Nc3 Nc6 3. d4 Bb4 4. Nf3 Nf6 5. Bd3 d5 6. exd5 
exd5 7. Qe2+ Qe7 8. P@g5 Ne4 9. Bd2 Bg4 10. h3 Bxc3 11. bxc3 Bxf3 
12. gxf3 N@g2+ 13. Kd1 P@b2 14. Rb1 Nxc3+ 15. Bxc3 Qxe2+ 16. Bxe2 P@a3 17. B@g4 
N@e3+ 18. fxe3 Nxe3+ 19. Kd2 Nxg4 20. hxg4 B@f4+ 21. B@e3 Bxe3+ 22. Kxe3 Q@e7+ 
23. B@e5 Nxe5 24. dxe5 B@b6+ 25. Kd2 B@e3+ 26. Kd1 d4 27. N@f5 Qd7 28. Nxg7+ 
Kd8 29. P@d6 dxc3 30. Q@e7+ Qxe7 31. dxe7+ Kc8 32. Q@f8+ B@e8 33. N@c4 Q@c1+ 
34. Rxc1 bxc1=Q# 
{LINDEGREN checkmated} 0-1

[Event "fics rated crazyhouse match"]
[Site "fics, Oklahoma City, OK USA"]
[Date "2000.11.28"]
[White "RFrancisco"]
[WhiteElo "2384"]
[Black "LINDEGREN"]
[BlackElo "2281"]
[TimeControl "60+0"]
[Result "1-0"]

1. e4 e6 2. d4 Nf6 3. Bd3 d5 4. e5 Ne4 5. Nh3 Nc6 6. O-O 
Bd7 7. c3 Be7 8. f3 Ng5 9. Bxg5 Bxg5 10. f4 Bh4 11. N@h5 B@f8 
12. Nd2 Qe7 13. Nf3 Rg8 14. Nxh4 Qxh4 15. B@g5 Qxh5 16. Qxh5 h6 17. Qxf7# 
{LINDEGREN resigns} 1-0

[Event "fics rated crazyhouse match"]
[Site "fics, Oklahoma City, OK USA"]
[Date "2000.11.28"]
[White "LINDEGREN"]
[WhiteElo "2275"]
[Black "RFrancisco"]
[BlackElo "2390"]
[TimeControl "60+0"]
[Result "0-1"]

1. e4 e6 2. Nc3 Nc6 3. d4 Bb4 4. Nf3 Nf6 5. Bd3 d5 6. exd5 
exd5 7. Ke2 P@e4 8. P@e3 exf3+ 9. gxf3 Bxc3 10. bxc3 Qe7 11. P@e5 Nxe5 
12. dxe5 Qxe5 13. B@f4 Qe7 14. Rg1 P@g4 15. N@f5 gxf3+ 16. Kxf3 Bxf5 17. Bxf5 
N@h4+ 18. Ke2 P@f3+ 19. Ke1 N@g2+ 20. Kd2 N@c4+ 21. Kd3 P@e4+ 22. Kd4 c5# 
{LINDEGREN checkmated} 0-1

[Event "fics rated crazyhouse match"]
[Site "fics, Oklahoma City, OK USA"]
[Date "2000.11.28"]
[White "RFrancisco"]
[WhiteElo "2395"]
[Black "LINDEGREN"]
[BlackElo "2270"]
[TimeControl "60+0"]
[Result "1-0"]

1. e4 e6 2. d4 Nf6 3. Bd3 d5 4. e5 Ne4 5. Nh3 Nc6 6. c3 
Bb4 7. cxb4 Nxd4 8. O-O Nf5 9. B@g4 O-O 10. Bf4 P@g5 11. Bxe4 gxf4 
12. Bgxf5 exf5 13. Bxd5 B@e6 14. Nxf4 B@e4 15. Bxe4 fxe4 16. P@f6 Qxd1 17. N@e7+ 
Kh8 18. fxg7# 
{LINDEGREN resigns} 1-0

[Event "fics rated crazyhouse match"]
[Site "fics, Oklahoma City, OK USA"]
[Date "2000.11.28"]
[White "LINDEGREN"]
[WhiteElo "2265"]
[Black "RFrancisco"]
[BlackElo "2400"]
[TimeControl "60+0"]
[Result "0-1"]

1. e4 e6 2. d4 Nc6 3. Be3 Nf6 4. Nc3 d6 5. Bd3 Be7 6. Nf3 
O-O 7. O-O e5 8. d5 Bg4 9. dxc6 bxc6 10. Bd2 P@d4 11. Nb1 Rb8 
12. N@f5 Bxf5 13. exf5 e4 14. Bxe4 Nxe4 15. P@h6 gxh6 16. Bxh6 B@g5 17. Nxg5 
Bxg5 18. Qg4 N@e5 19. Bxg5 Nxg4 20. B@f3 Qxg5 21. Bxe4 N@e2# 
{LINDEGREN resigns} 0-1

[Event "fics rated crazyhouse match"]
[Site "fics, Oklahoma City, OK USA"]
[Date "2000.11.28"]
[White "RFrancisco"]
[WhiteElo "2405"]
[Black "LINDEGREN"]
[BlackElo "2260"]
[TimeControl "60+0"]
[Result "1-0"]

1. e4 e6 2. Nc3 Nc6 3. d4 Nf6 4. Nf3 Bb4 5. e5 Ne4 6. Bd3 
Nxc3 7. bxc3 Bxc3+ 8. Bd2 Bxd4 9. Nxd4 Nxd4 10. N@h5 N@f5 11. Bxf5 Nxf5 
12. Nxg7+ Nxg7 13. N@f6+ Kf8 14. B@h6 N@f5 15. Bxg7+ Nxg7 16. P@h6 Nf5 17. Bb4+ 
N@e7 18. Nxh7+ Rxh7 19. P@g7+ Kg8 20. N@f6# 
{LINDEGREN checkmated} 1-0

[Event "fics rated crazyhouse match"]
[Site "fics, Oklahoma City, OK USA"]
[Date "2000.11.28"]
[White "LINDEGREN"]
[WhiteElo "2255"]
[Black "RFrancisco"]
[BlackElo "2410"]
[TimeControl "60+0"]
[Result "1-0"]

1. e4 e6 2. Nc3 Nc6 3. d4 Bb4 4. a3 Bxc3+ 5. bxc3 Nf6 6. Bd3 
d5 7. e5 Ne4 8. Bd2 O-O 9. Nh3 f5 10. exf6 Qxf6 11. O-O P@g4 
12. Qxg4 Nxd2 13. B@g5 Qf7 14. Bxh7+ Kxh7 15. P@e7 Rh8 16. Bxd2 B@f6 17. P@g6+ 
Qxg6 18. Qxg6+ Kxg6 19. Nf4+ Kf7 20. P@g6+ Kxe7 21. Q@f7+ Kd8 22. N@g4 Q@e7 
23. Nxf6 gxf6 24. Qxe7+ Nxe7 25. g7 N@e2+ 26. Nxe2 Rg8 27. N@f7+ Ke8 28. B@h5 
P@g6 29. Ne5 
{RFrancisco forfeits on time} 1-0

[Event "fics rated crazyhouse match"]
[Site "fics, Oklahoma City, OK USA"]
[Date "2000.11.28"]
[White "RFrancisco"]
[WhiteElo "2399"]
[Black "LINDEGREN"]
[BlackElo "2266"]
[TimeControl "60+0"]
[Result "0-1"]

1. e4 e6 2. d4 Nf6 3. Nc3 d5 4. e5 Ne4 5. Bd3 Nxc3 6. bxc3 
Nc6 7. Nh3 N@f5 8. O-O Nfxd4 9. cxd4 Nxd4 10. N@h5 P@g6 11. N@f6+ gxf6 
12. Nxf6+ Qxf6 13. exf6 Rg8 14. Bh6 Bd6 15. P@e5 N@f5 16. exd6 cxd6 17. Bxf5 
Nxf5 18. N@g7+ Kd7 19. Nxf5 B@d8 20. N@f8+ Rxf8 21. Bxf8 gxf5 22. R@e7+ Bxe7 
23. fxe7 R@e8 24. B@a4+ P@c6 25. c4 P@e4 26. cxd5 exd5 27. Ng5 N@e5 28. Q@d8+ 
Rxd8 29. exd8=Q+ Kxd8 30. P@e7+ Kc7 31. B@d8+ Kd7 32. Bxc6+ bxc6 33. P@c7 B@e8 
34. f4 Ng6 35. Nxf7 Q@b6+ 36. Kh1 N@e6 
{RFrancisco forfeits on time} 0-1

[Event "fics rated crazyhouse match"]
[Site "fics, Oklahoma City, OK USA"]
[Date "2000.11.28"]
[White "LINDEGREN"]
[WhiteElo "2277"]
[Black "RFrancisco"]
[BlackElo "2388"]
[TimeControl "60+0"]
[Result "1-0"]

1. e4 e6 2. Nc3 Nc6 3. d4 Bb4 4. Nf3 Nf6 5. Bd3 d5 6. exd5 
exd5 7. Qe2+ Qe7 8. Qxe7+ Nxe7 9. Ne5 P@e4 10. Bb5+ c6 11. Be2 Bxc3+ 
12. bxc3 Be6 13. B@h4 Q@c7 14. Bxf6 gxf6 15. N@g7+ Kd8 16. Nxe6+ fxe6 17. Nf7+ 
Kc8 18. P@d6 Qd7 19. dxe7 Qxe7 20. Nxh8 B@g7 21. R@g8+ N@e8 22. B@f7 Bxh8 
23. Rxe8# 
{RFrancisco resigns} 1-0

[Event "fics rated crazyhouse match"]
[Site "fics, Oklahoma City, OK USA"]
[Date "2000.11.28"]
[White "RFrancisco"]
[WhiteElo "2378"]
[Black "LINDEGREN"]
[BlackElo "2287"]
[TimeControl "60+0"]
[Result "1-0"]

1. e4 Nf6 2. Nc3 Nc6 3. d4 d5 4. e5 Ne4 5. Nf3 e6 6. Bd3 
Bb4 7. Bd2 Bxc3 8. bxc3 Nxd2 9. Qxd2 B@g6 10. B@h4 N@e7 11. O-O Bxd3 
12. cxd3 B@h5 13. B@g5 h6 14. Bxe7 Nxe7 15. N@f4 Bxf3 16. gxf3 N@f5 17. Nh5 
Nxh4 18. Nxg7+ Kf8 19. B@f6 Rg8 20. Qxh6 Rxg7+ 21. Bxg7+ Ke8 22. N@f6# 
{LINDEGREN checkmated} 1-0

[Event "fics rated crazyhouse match"]
[Site "fics, Oklahoma City, OK USA"]
[Date "2000.11.28"]
[White "Bugzilla"]
[WhiteElo "2232"]
[Black "JKiller"]
[BlackElo "2460"]
[TimeControl "60+0"]
[Result "0-1"]

1. e4 e6 2. Nc3 d5 3. exd5 exd5 4. Bb5+ c6 5. Be2 Nf6 6. d4 
Be7 7. Bf4 O-O 8. P@c7 Qd7 9. cxb8=Q Rxb8 10. Bxb8 Bb4 11. N@e5 Qe8 
12. Bc7 P@a3 13. Rb1 axb2 14. R@g3 Ne4 15. Rxg7+ Kxg7 16. P@d2 Bxc3 17. dxc3 
f6 18. Ng4 Bxg4 19. Bxg4 Nxc3+ 20. B@e5 Nxd1 21. Rxd1 P@d2+ 22. Rxd2 b1=Q+ 
23. B@d1 P@c3 24. N@f5+ Kg8 25. Nh6+ Kh8 26. P@g7+ Kxg7 27. Nf5+ Kg8 28. Re2 
P@d2+ 29. Kf1 Qxd1+ 30. Re1 dxe1=Q# 
{Bugzilla checkmated} 0-1

[Event "fics rated crazyhouse match"]
[Site "fics, Oklahoma City, OK USA"]
[Date "2000.11.28"]
[White "JKiller"]
[WhiteElo "2464"]
[Black "Bugzilla"]
[BlackElo "2229"]
[TimeControl "60+0"]
[Result "1-0"]

1. e4 e5 2. Nf3 Nc6 3. Bc4 Bc5 4. d3 Nf6 5. Nc3 d6 6. Nd5 
O-O 7. Nxf6+ Qxf6 8. Bg5 Qg6 9. O-O h6 10. N@h4 Qxg5 11. Nxg5 hxg5 
12. Qh5 B@h7 13. Ng6 N@h8 14. Qxh7+ Kxh7 15. Nxf8+ Kg8 16. B@h7+ Kxf8 17. R@g8+ 
Ke7 18. Q@e8# 
{Bugzilla resigns} 1-0

[Event "fics rated crazyhouse match"]
[Site "fics, Oklahoma City, OK USA"]
[Date "2000.11.28"]
[White "Bugzilla"]
[WhiteElo "2226"]
[Black "JKiller"]
[BlackElo "2467"]
[TimeControl "60+0"]
[Result "1-0"]

1. e4 e6 2. Nc3 Nc6 3. d4 Bb4 4. Nf3 Nf6 5. Bd3 d5 6. e5 
Ne4 7. O-O Nxc3 8. bxc3 Bxc3 9. Bg5 P@e7 10. N@h5 h6 11. Nxg7+ Kf8 
12. Nh5 N@e8 13. Bxe7+ Qxe7 14. P@f6 Nxf6 15. exf6 Qxf6 16. Nxf6 Bd7 17. Nxd7+ 
Ke7 18. Nde5 B@e8 19. Nxc6+ bxc6 20. P@f6+ Kxf6 21. N@g4+ Ke7 22. B@f6+ Kd7 
23. Q@e7+ Kc8 24. Ba6+ Kb8 25. Qd8+ N@c8 26. Qxc8# 
{JKiller checkmated} 1-0

[Event "fics rated crazyhouse match"]
[Site "fics, Oklahoma City, OK USA"]
[Date "2000.11.28"]
[White "JKiller"]
[WhiteElo "2454"]
[Black "Bugzilla"]
[BlackElo "2239"]
[TimeControl "60+0"]
[Result "1-0"]

1. e4 e6 2. d4 Nc6 3. Nc3 Bb4 4. a3 Nf6 5. axb4 d5 6. e5 
Ne4 7. Nxe4 dxe4 8. B@c3 N@d5 9. b5 Nce7 10. N@h5 Rg8 11. Nh3 Nf5 
12. Qe2 Bd7 13. Qxe4 Nxc3 14. bxc3 B@d5 15. Qe2 a6 16. N@f6+ gxf6 17. Nxf6+ 
Qxf6 18. exf6 Bxb5 19. Qxb5+ axb5 20. Bxb5+ c6 21. Rxa8+ Kd7 22. Rxg8 
{Bugzilla resigns} 1-0

[Event "fics rated crazyhouse match"]
[Site "fics, Oklahoma City, OK USA"]
[Date "2000.11.28"]
[White "JKiller"]
[WhiteElo "2461"]
[Black "Bugzilla"]
[BlackElo "2231"]
[TimeControl "60+0"]
[Result "1-0"]

1. e4 e6 2. d4 Nc6 3. Nc3 d6 4. Nf3 Nf6 5. d5 exd5 6. exd5 
Ne5 7. Nxe5 dxe5 8. Bb5+ P@d7 9. P@e6 Bc5 10. exf7+ Kxf7 11. N@e4 Bxf2+ 
12. Nxf2 Rf8 13. P@h6 gxh6 14. Bxh6 Rg8 15. P@e6+ dxe6 16. dxe6+ Bxe6 17. B@c4 
P@d5 18. P@f5 Bxf5 19. Nxd5 P@e6 20. Nxf6 Qxf6 21. P@g5 Qe7 22. O-O P@e3 
23. Qd7 Qxd7 24. Bxd7 exf2+ 25. Rxf2 Q@e7 26. Bdxe6+ Ke8 27. P@d7+ Kd8 28. Q@c8+ 
Rxc8 29. dxc8=Q# 
{Bugzilla checkmated} 1-0

[Event "fics rated crazyhouse match"]
[Site "fics, Oklahoma City, OK USA"]
[Date "2000.11.28"]
[White "Bugzilla"]
[WhiteElo "2228"]
[Black "JKiller"]
[BlackElo "2464"]
[TimeControl "60+0"]
[Result "0-1"]

1. e4 e6 2. Nc3 Nc6 3. Nf3 Nf6 4. d4 Bb4 5. Bd3 d5 6. e5 
Ne4 7. O-O Bxc3 8. bxc3 Nxc3 9. Bg5 Nxd1 10. Bxd8 P@e4 11. Ng5 exd3 
12. B@b5 N@e2+ 13. Kh1 Q@g1+ 14. Rxg1 Nxf2# 
{Bugzilla checkmated} 0-1

[Event "fics rated crazyhouse match"]
[Site "fics, Oklahoma City, OK USA"]
[Date "2000.11.28"]
[White "JKiller"]
[WhiteElo "2467"]
[Black "Bugzilla"]
[BlackElo "2225"]
[TimeControl "60+0"]
[Result "1-0"]

1. e4 e6 2. d4 Nc6 3. Nc3 Bb4 4. a3 Nf6 5. axb4 Nxb4 6. Nf3 
Nc6 7. B@h4 P@e7 8. h3 d6 9. Bd3 Rg8 10. e5 dxe5 11. dxe5 Nxe5 
12. Nxe5 Bd7 13. Nxf7 Kxf7 14. N@e5+ Kf8 15. P@g6 Rh8 16. Nf7 Bc6 17. Nxd8 
N@e5 18. Nxe6+ Ke8 19. Bf5 P@d7 20. P@f7+ Nxf7 21. gxf7+ Kxf7 22. N@g5+ Ke8 
23. P@f7# 
{Bugzilla checkmated} 1-0

[Event "fics rated crazyhouse match"]
[Site "fics, Oklahoma City, OK USA"]
[Date "2000.11.28"]
[White "Bugzilla"]
[WhiteElo "2222"]
[Black "JKiller"]
[BlackElo "2470"]
[TimeControl "60+0"]
[Result "1-0"]

1. e4 e6 2. Nc3 Nc6 3. d4 d5 4. Nf3 dxe4 5. Nxe4 P@g4 6. Ne5 
Qxd4 7. Qxd4 Nxd4 8. Bd3 Nf6 9. Nxf7 Bb4+ 10. P@c3 O-O 11. Nxf6+ Kxf7 
12. Nxg4 N@f3+ 13. gxf3 Nxf3+ 14. Kd1 P@g2 15. Re1 Nxe1 16. N@e5+ Ke7 17. Bg5+ 
P@f6 18. N@g6+ hxg6 19. Nxg6+ Kd8 20. cxb4 R@d7 21. Nxf8 Q@f3+ 22. B@e2 g1=Q 
23. Nxe6+ Ke7 24. Q@f8+ Kxe6 25. P@f5+ Kd5 26. R@c5# 
{JKiller forfeits on time} 1-0

[Event "fics rated crazyhouse match"]
[Site "fics, Oklahoma City, OK USA"]
[Date "2000.11.28"]
[White "JKiller"]
[WhiteElo "2457"]
[Black "Bugzilla"]
[BlackElo "2235"]
[TimeControl "60+0"]
[Result "1-0"]

1. e4 e6 2. d4 Nc6 3. Nc3 d6 4. Nf3 Nf6 5. d5 exd5 6. exd5 
Ne5 7. Nxe5 dxe5 8. Bb5+ P@d7 9. P@e6 Bb4 10. exf7+ Kxf7 11. P@h6 Rg8 
12. N@g5+ Kf8 13. Bxd7 Bxd7 14. P@f7 gxh6 15. fxg8=Q+ Kxg8 16. Nxh7 Kxh7 17. O-O 
B@h5 18. f3 P@g7 19. Qd3+ Bg6 20. Qxg6+ Kxg6 21. B@d3+ P@f5 22. P@g4 Bc5+ 
23. R@f2 Kh7 24. gxf5 P@e3 25. Re2 N@f2 26. Rfxf2 Kh8 27. Rf1 Q@f2+ 28. Rfxf2 
exf2+ 29. Rxf2 Bxf2+ 30. Kxf2 
{Bugzilla forfeits on time} 1-0

[Event "fics rated crazyhouse match"]
[Site "fics, Oklahoma City, OK USA"]
[Date "2000.11.28"]
[White "Bugzilla"]
[WhiteElo "2231"]
[Black "JKiller"]
[BlackElo "2461"]
[TimeControl "60+0"]
[Result "0-1"]

1. e4 e6 2. Nc3 Nc6 3. Nf3 Nf6 4. d4 Bb4 5. Bd3 d5 6. e5 
Ne4 7. O-O Bxc3 8. bxc3 Nxc3 9. Bg5 Nxd1 10. Bxd8 P@e4 11. Bb5 Kxd8 
12. Ng5 B@h5 13. Raxd1 N@f3+ 14. gxf3 exf3 15. B@h3 P@g2 16. N@g3 gxf1=Q+ 17. Bbxf1 
h6 18. Nxf3 Bxf3 19. P@f6 R@g6 20. P@e7+ Ke8 21. Bhg2 N@h3+ 22. Bxh3 Q@h1# 
{Bugzilla checkmated} 0-1

[Event "fics rated crazyhouse match"]
[Site "fics, Oklahoma City, OK USA"]
[Date "2000.11.28"]
[White "JKiller"]
[WhiteElo "2464"]
[Black "Bugzilla"]
[BlackElo "2228"]
[TimeControl "60+0"]
[Result "0-1"]

1. e4 Nf6 2. e5 Nc6 3. exf6 exf6 4. d4 d5 5. Nf3 Bb4+ 6. c3 
Bf5 7. Nbd2 O-O 8. cxb4 Nxb4 9. N@e3 Re8 10. B@e5 P@c2 11. Qe2 Bd3 
12. Qxd3 Nxd3+ 13. Bxd3 fxe5 14. dxe5 d4 15. Nf5 Q@d1# 
{JKiller checkmated} 0-1

[Event "fics rated crazyhouse match"]
[Site "fics, Oklahoma City, OK USA"]
[Date "2000.11.28"]
[White "Bugzilla"]
[WhiteElo "2241"]
[Black "JKiller"]
[BlackElo "2451"]
[TimeControl "60+0"]
[Result "1-0"]

1. e4 e6 2. d4 Nc6 3. Nc3 d5 4. e5 Nge7 5. Bg5 Qd7 6. Bd3 
Nf5 7. Bxf5 exf5 8. Nf3 B@h5 9. N@f4 Bxf3 10. gxf3 N@b4 11. B@b3 h6 
12. Bh4 g5 13. Nfxd5 gxh4 14. Nf6+ Kd8 15. Nxd7 Bxd7 16. P@f6 B@g2 17. Rg1 
Bxf3 18. Qxf3 Nxd4 19. B@e7+ Bxe7 20. fxe7+ Kc8 21. Q@d8+ Rxd8 22. exd8=Q+ Kxd8 
23. Rg8+ B@e8 24. B@f6+ P@e7 25. Bxe7+ Kxe7 26. P@f6+ Kd8 27. Rxe8+ Kxe8 28. R@e7+ 
Kd8 29. Qd1 R@g1+ 30. Kd2 P@e3+ 31. Kc1 N@d3+ 32. cxd3 P@d2+ 33. Kb1 Q@c1+ 
34. Qxc1 
{JKiller forfeits on time} 1-0

[Event "fics rated crazyhouse match"]
[Site "fics, Oklahoma City, OK USA"]
[Date "2000.11.28"]
[White "JKiller"]
[WhiteElo "2439"]
[Black "Bugzilla"]
[BlackElo "2253"]
[TimeControl "60+0"]
[Result "0-1"]

1. e4 e6 2. d4 Nc6 3. Nc3 Nf6 4. e5 Nd5 5. Nf3 d6 6. Nxd5 
exd5 7. Bg5 Be7 8. Bxe7 Qxe7 9. B@h4 B@f6 10. Bxf6 gxf6 11. B@g7 fxe5 
12. dxe5 Nxe5 13. Nxe5 dxe5 14. N@f6+ Kd8 15. Bxh8 B@d4 16. R@g8+ N@f8 17. P@g7 
Bxf2+ 18. Ke2 N@d4+ 19. Qxd4 exd4+ 20. N@e4 Q@e3+ 21. Kd1 Qe1# 
{JKiller checkmated} 0-1

[Event "fics rated crazyhouse match"]
[Site "fics, Oklahoma City, OK USA"]
[Date "2000.11.28"]
[White "Bugzilla"]
[WhiteElo "2265"]
[Black "JKiller"]
[BlackElo "2427"]
[TimeControl "60+0"]
[Result "0-1"]

1. e4 e6 2. Nc3 Nc6 3. d4 Bb4 4. Nf3 Nf6 5. Bd3 d5 6. e5 
Ne4 7. O-O Bxc3 8. bxc3 Nxc3 9. Bg5 Nxd1 10. Bxd8 Kxd8 11. Q@g5+ B@e7 
12. Qxg7 Re8 13. Raxd1 P@e4 14. Ng5 Bd7 15. Nxf7+ Kc8 16. P@d6 exd3 17. dxe7 
dxc2 18. N@d6+ Kb8 19. Nxe8 cxd1=Q 20. R@d8+ B@c8 21. Rxd1 P@e2 22. Qg4 exd1=Q+ 
23. Qxd1 R@g6 24. B@f1 N@h3+ 25. Kh1 R@g1# 
{Bugzilla checkmated} 0-1

[Event "fics rated crazyhouse match"]
[Site "fics, Oklahoma City, OK USA"]
[Date "2000.11.28"]
[White "JKiller"]
[WhiteElo "2432"]
[Black "Bugzilla"]
[BlackElo "2260"]
[TimeControl "60+0"]
[Result "0-1"]

1. e4 Nf6 2. e5 d5 3. exf6 exf6 4. d4 Nc6 5. Nc3 Bb4 6. a3 
Bxc3+ 7. bxc3 O-O 8. Bd3 Re8+ 9. B@e2 P@e4 10. Bb5 Bf5 11. N@e3 Bc8 
12. Rb1 a6 13. Bxc6 bxc6 14. Bg4 B@b5 15. Bxc8 Qxc8 16. B@h3 B@d7 17. Bxd7 
Qxd7 18. B@g4 B@e6 19. N@f5 N@f4 20. Nh3 Nxh3 21. Bxh3 N@f4 22. Rg1 Nxh3 
23. gxh3 B@g6 24. N@h6+ Kh8 25. N@f4 Bexf5 26. Nexf5 Bxf5 27. B@e6 Bxe6 28. Nf5 
Bxf5 29. Be3 B@f3 30. Qd2 N@g2+ 31. Nxg2 Bxg2 32. Rxg2 N@f3+ 33. Kd1 N@d3 
34. cxd3 N@b2+ 35. Rxb2 exd3 36. Qxd3 Nd2 37. Rxg7 P@g6 
{JKiller forfeits on time} 0-1

[Event "fics rated crazyhouse match"]
[Site "fics, Oklahoma City, OK USA"]
[Date "2000.11.28"]
[White "Bugzilla"]
[WhiteElo "2272"]
[Black "JKiller"]
[BlackElo "2420"]
[TimeControl "60+0"]
[Result "0-1"]

1. e4 e6 2. Nc3 Nc6 3. d4 Bb4 4. a3 Ba5 5. Nf3 Nf6 6. Bd3 
d5 7. exd5 exd5 8. Bb5 Qe7+ 9. Ne5 P@d6 10. O-O dxe5 11. dxe5 Qxe5 
12. Re1 Qxe1+ 13. Qxe1+ R@e6 14. P@e3 Bxc3 15. bxc3 P@h3 16. gxh3 N@f3+ 17. Kh1 
Nxe1 18. P@g2 Ne4 19. B@h4 Bd7 20. Be2 Rh6 21. Q@f4 N@f5 22. Qxh6 gxh6 
23. R@f1 Nxh4 24. Bf3 Q@g1+ 25. Rxg1 Nxf2# 
{Bugzilla checkmated} 0-1